 Dungeon Crawl Stone Soup version 0.23.2-30-g0e89c35649 (webtiles) character file.

Game seed: 7028690972015667551

28416 ikjuyhgtrf the Severer (level 13, -5/116 HPs)
             Began as a Minotaur Fighter on June 21, 2019.
             Was the Champion of Okawaru.
             Slain by a raiju (8 damage)
             ... on level 3 of the Abyss.
             The game lasted 01:07:01 (14697 turns).

ikjuyhgtrf the Severer (Minotaur Fighter)          Turns: 14697, Time: 01:07:02

Health: -5/116     AC: 17    Str: 26    XL:     13   Next: 9%
Magic:  12/12      EV:  7    Int:  5    God:    Okawaru [******]
Gold:   643        SH: 15    Dex: 17    Spells: 12/12 levels left

rFire    + . .     SeeInvis +   a - +1 war axe
rCold    . . .     Gourm    +   c - +0 shield
rNeg     + . .     Faith    .   x - +0 plate armour
rPois    .         Spirit   .   K - +0 hat of Blue Skies {Dex+4 SInv}
rElec    .         Reflect  .   A - scarf {cloud immunity}
rCorr    .         Harm     .   k - +2 pair of gloves {archery}
MR       .....                  (no boots)
Stlth    ..........             y - amulet of the gourmand
HPRegen  0.00/turn              H - ring "Healy" {rF+ rN+}
MPRegen  0.13/turn              u - +3 ring of dexterity

@: about to teleport, non-regenerating, diseased
A: retaliatory headbutt, horns 2
a: Heroism, Finesse, Renounce Religion


You were on level 3 of the Abyss.
You worshipped Okawaru.
Okawaru was exalted by your worship.
You were very full.

You visited 2 branches of the dungeon, and saw 15 of its levels.
You visited the Abyss 1 time.
You also visited: Ossuary.

You collected 1041 gold pieces.
You spent 398 gold pieces at shops.

Inventory:

Hand Weapons
 a - a +1 war axe (weapon)
 n - a +2 hand axe of flaming
 t - a +2 dagger of speed
 I - a +2 whip of electrocution
 M - a +3 quarterstaff
Missiles
 F - 9 tomahawks (quivered)
Armour
 c - a +0 shield (worn)
 k - a +2 pair of gloves of archery (worn)
 x - a +0 plate armour (worn)
 A - a scarf of cloud immunity (worn)
 J - a +0 robe of magic resistance
 K - the +0 hat of Blue Skies (worn) {Dex+4 SInv}
   (Okawaru gifted it to you on level 10 of the Dungeon)

   It affects your dexterity (+4).
   It lets you see invisible.
Jewellery
 l - a +3 ring of dexterity
 m - an uncursed ring of see invisible
 u - a +3 ring of dexterity (right hand)
 y - an amulet of the gourmand (around neck)
 H - the ring "Healy" (left hand) {rF+ rN+}
   (You found it on level 8 of the Dungeon)

   [ring of positive energy]

   It protects you from fire.
   It protects you from negative energy.
 Q - an uncursed ring of stealth
Wands
 j - a wand of paralysis (25)
 p - a wand of flame (4)
 G - a wand of acid (6)
 N - a wand of random effects (23)
Scrolls
 b - 2 scrolls of amnesia
 g - 15 scrolls of identify
 h - a scroll of torment {unknown}
 q - a scroll of silence
 r - 2 scrolls of magic mapping
 s - 3 scrolls of remove curse
 w - 3 scrolls of fear
 B - a scroll of summoning {unknown}
 P - a scroll of random uselessness {unknown}
Potions
 d - 5 potions of might
 e - a potion of agility
 i - 5 potions of lignification
 o - 3 potions of ambrosia
 z - 9 potions of curing
 C - 2 potions of flight
 D - a potion of resistance
 E - 4 potions of berserk rage
 L - a potion of brilliance
 O - 2 potions of invisibility
Comestibles
 f - 22 rations


   Skills:
 * Level 11.1 Fighting
 - Level 16.8 Axes
 + Level 8.4 Armour
 - Level 15.0 Shields
 + Level 0.2 Invocations
 + Level 0.2 Evocations


You had 12 spell levels left.
You didn't know any spells.
Your spell library contained the following spells:

 Spells                   Type           Power        Failure   Level  Hunger
 Animate Skeleton         Necr           N/A          99%         1    ##.....
 Apportation              Tloc           #.....       99%         1    ##.....
 Beastly Appendage        Tmut           #.....       99%         1    ##.....
 Confusing Touch          Hex            #.....       99%         1    ##.....
 Freeze                   Ice            #...         99%         1    ##.....
 Sting                    Conj/Pois      #...         99%         1    ##.....
 Summon Small Mammal      Summ           #...         99%         1    ##.....
 Blink                    Tloc           N/A          100%        2    ###....
 Shroud of Golubria       Chrm/Tloc      #.........   100%        2    ###....
 Sticks to Snakes         Tmut           #.......     100%        2    ###....
 Throw Frost              Conj/Ice       #.....       100%        2    ###....
 Gell's Gravitas          Tloc           #.........   100%        3    ####...
 Lesser Beckoning         Tloc           #.........   100%        3    ####...
 Ozocubu's Armour         Chrm/Ice       #.......     100%        3    ####...
 Spider Form              Tmut/Pois      #.........   100%        3    ####...
 Teleport Other           Tloc           #.......     100%        3    ####...
 Passage of Golubria      Tloc           N/A          100%        4    #####..
 Summon Ice Beast         Ice/Summ       #.......     100%        4    #####..
 Throw Icicle             Conj/Ice       #.......     100%        4    #####..


Dungeon Overview and Level Annotations

Branches:
Dungeon (14/15)            Temple (1/1) D:5            Lair (0/6) D:10
    Orc (0/2) D:9
 Vaults: D:13-14

Altars:
Ashenzari
Cheibriados
Dithmenos
Elyvilon
Fedhas
Gozag
Hepliaklqana
Kikubaaqudgha
Makhleb
Nemelex Xobeh
Okawaru
Qazlal
Ru
Sif Muna
Trog
Uskayaw
Vehumet
Xom
Yredelemnul
Zin
The Shining One

Shops:
D:8 %=}   D:13 !

Annotations:
D:10 exclusion: oklob plant
D:14 Rupert


Innate Abilities, Weirdness & Mutations

You reflexively headbutt those who attack you in melee.
You have a pair of horns on your head.


Message History

The ancient zyme hits you but does no damage.
A worldbinder comes into view.
You block the raiju's attack.
You slice the ancient zyme!!
The ancient zyme is almost destroyed.
You hit the raiju but do no damage. The ancient zyme hits you!
* * * LOW HITPOINT WARNING * * *
The ancient zyme hits you but does no damage.
You hit the ancient zyme.
You destroy the ancient zyme!
Okawaru accepts your kill.
You closely miss the raiju.
Your plate armour prevents you from hitting the worldbinder.
The hell hound breathes flames at you. The blast of flame hits you! You resist.
* * * LOW HITPOINT WARNING * * *
The raiju bites you.
* * * LOW HITPOINT WARNING * * *
The raiju shocks you!
You die...

. #.. # ..#. ..#
#.. # ..### #..
..# # ...#.#.#..
##.# #.x#......#
#.
..#h@##..#......
.##..h.#.......
#....##h.......#.
#...#..###.#......
≈
≈.......#........#
≈ ≈
#.#..##...§##..
.≈≈ .# .#..#..#
#≈.#.##....h.#.#
≈.....#...#/ .....


You could see a worldbinder, 2 raiju and a hell hound.

Vanquished Creatures
  Erolcha (D:11)
  A centaur warrior (D:13)
  4 two-headed ogres
  A death knight (D:11)
  A thrashing horror (Abyss:3)
  A sixfirhy (Abyss:3)
  2 wizards
  2 unseen horrors
  Pikel (D:8)
  4 ugly things
  A manticore (D:12)
  An orc sorcerer (D:8)
  A cyclops (D:12)
  4 centaur zombies
  3 gargoyles
  2 kobold demonologists (D:14)
  An efreet (D:13)
  A redback zombie (D:14)
  3 trolls
  An ancient zyme (Abyss:3)
  Grinder (D:3)
  4 hornets
  A hippogriff (D:11)
  3 wyverns
  Sigmund (D:3)
  A wraith (D:10)
  17 yaks
  A human (D:7)
  5 hungry ghosts
  4 hogs (D:7)
  4 wargs (D:9)
  A steam dragon (D:11)
  2 water moccasins (D:10)
  Edmund (D:4)
  2 porcupines (D:10)
  9 orc warriors
  4 sky beasts
  4 necrophages
  An ice beast (D:5)
  7 black bears
  An eye of draining (D:9)
  5 centaurs
  4 ogres
  A phantom (D:9)
  3 crocodiles
  3 big kobolds
  9 bullfrogs
  2 wyvern skeletons
  2 scorpions
  A water moccasin skeleton (D:6)
  7 killer bees
  An oklob sapling (D:10)
  3 wights (D:8)
  2 howler monkeys
  6 crimson imps
  3 bullfrog zombies
  4 jellies
  8 hounds
  7 orc priests
  4 bullfrog skeletons
  3 iguanas
  16 orc wizards
  Ijyb (D:3)
  8 worker ants
  2 hound zombies
  2 hound skeletons
  8 mummies (Ossuary)
  A howler monkey zombie (D:7)
  5 gnolls
  A howler monkey skeleton (D:10)
  20 adders
  4 shadow imps
  2 adder skeletons (D:8)
  2 adder zombies
  2 worms (D:2)
  2 dart slugs
  4 leopard geckos
  63 orcs
  2 bats (D:1)
  4 giant cockroaches
  7 hobgoblins
  8 jackals
  6 kobolds
  2 quokkas
  12 ball pythons
  4 frilled lizards
  2 gnoll zombies (Ossuary)
  5 goblins
  3 hobgoblin zombies (Ossuary)
  A jackal zombie (D:5)
  A kobold zombie (Ossuary)
  A leopard gecko skeleton (D:6)
  A leopard gecko zombie (D:6)
  2 orc zombies (Ossuary)
  7 rats
  7 fungi (D:10)
  3 plants (D:10)
409 creatures vanquished.

Vanquished Creatures (others)
  A slave (D:8)
  3 fungi (D:10)
4 creatures vanquished.

Grand Total: 413 creatures vanquished

Notes
Turn   | Place    | Note
-------+----------+-------------------------------------------
     0 | D:1      | ikjuyhgtrf the Minotaur Fighter began the quest for the
                  | Orb.
     0 | D:1      | Reached XP level 1. HP: 19/19 MP: 0/0
   198 | D:1      | Reached XP level 2. HP: 27/27 MP: 1/1
   681 | D:1      | Reached skill level 3 in Axes
   939 | D:1      | Reached XP level 3. HP: 33/33 MP: 2/2
  1589 | D:2      | Reached skill level 4 in Axes
  2188 | D:3      | Noticed Ijyb
  2190 | D:3      | Reached XP level 4. HP: 40/40 MP: 3/3
  2194 | D:3      | Killed Ijyb
  2194 | D:3      | Reached skill level 5 in Axes
  2330 | D:3      | Reached skill level 6 in Axes
  2330 | D:3      | Reached XP level 5. HP: 34/46 MP: 4/4
  2356 | D:3      | Noticed Sigmund
  2378 | D:3      | Killed Sigmund
  2378 | D:3      | Reached skill level 7 in Axes
  2378 | D:3      | Reached XP level 6. HP: 47/52 MP: 5/5
  2543 | D:3      | Noticed Grinder
  2552 | D:3      | Killed Grinder
  2552 | D:3      | Reached skill level 8 in Axes
  2552 | D:3      | Reached XP level 7. HP: 30/58 MP: 6/6
  3066 | D:4      | Reached skill level 9 in Axes
  3291 | D:4      | Noticed Edmund
  3301 | D:4      | Killed Edmund
  3301 | D:4      | Reached skill level 10 in Axes
  3816 | D:5      | Entered Level 5 of the Dungeon
  3930 | D:5      | Reached XP level 8. HP: 51/66 MP: 7/7
  3965 | D:5      | Found a shattered altar of Ashenzari.
  3982 | D:5      | Found a staircase to the Ecumenical Temple.
  4009 | D:5      | Reached skill level 11 in Axes
  4096 | Temple   | Entered the Ecumenical Temple
  4225 | Temple   | Became a worshipper of Warmaster Okawaru
  4537 | D:6      | Reached skill level 12 in Axes
  4612 | D:6      | Reached * piety under Okawaru
  4833 | D:5      | Reached skill level 13 in Axes
  5099 | D:6      | Reached XP level 9. HP: 71/71 MP: 8/8
  5892 | D:7      | Reached ** piety under Okawaru
  5892 | D:7      | Reached skill level 14 in Axes
  6790 | D:7      | Reached skill level 15 in Axes
  6791 | D:7      | Reached *** piety under Okawaru
  7035 | D:8      | Found Lykli's Food Emporium.
  7042 | D:8      | Found a sand-covered staircase.
  7049 | Ossuary  | Entered an ossuary
  7357 | D:8      | Reached skill level 16 in Axes
  7357 | D:8      | Reached XP level 10. HP: 69/78 MP: 9/9
  7490 | D:8      | Noticed a wizard
  7490 | D:8      | Noticed an orc sorcerer
  7504 | D:8      | Killed an orc sorcerer
  7504 | D:8      | Reached **** piety under Okawaru
  7509 | D:8      | Killed a wizard
  7514 | D:8      | Got a heavily runed turquoise ring
  7515 | D:8      | Identified the ring "Healy" {rF+ rN+} (You found it on
                  | level 8 of the Dungeon)
  7861 | D:8      | Found a hazy altar of Hepliaklqana.
  7861 | D:8      | Found a sacrificial altar of Ru.
  7868 | D:8      | Found Epoheec's Gadget Emporium.
  7868 | D:8      | Found a sparkling altar of Nemelex Xobeh.
  7868 | D:8      | Found a burning altar of Makhleb.
  7875 | D:8      | Bought a wand of paralysis (6) for 104 gold pieces
  7914 | D:8      | Noticed Pikel
  7926 | D:8      | Killed Pikel
  7926 | D:8      | Reached skill level 5 in Shields
  7978 | D:8      | Found Ichuunoq's Jewellery Boutique.
  8404 | D:9      | Found a staircase to the Orcish Mines.
  8421 | D:9      | Reached ***** piety under Okawaru
  8543 | D:9      | Reached XP level 11. HP: 28/83 MP: 10/10
  8904 | D:9      | Reached skill level 10 in Shields
  9097 | D:10     | Entered Level 10 of the Dungeon
  9097 | D:10     | Noticed a two-headed ogre
  9107 | D:10     | Killed a two-headed ogre
  9460 | D:10     | Found a staircase to the Lair.
  9923 | D:10     | Noticed a two-headed ogre
  9939 | D:10     | Killed a two-headed ogre
  9939 | D:10     | Received a gift from Okawaru
  9947 | D:10     | Got a brightly glowing hat {god gift}
  9953 | D:10     | Identified the +0 hat of Blue Skies {Dex+4 SInv} (Okawaru
                  | gifted it to you on level 10 of the Dungeon)
 10074 | D:10     | Found a blossoming altar of Fedhas.
 10109 | D:10     | Identified Zez Vok's Papyrus of Nature
 10112 | D:10     | Paralysed by a hornet for 1 turns
 10275 | D:10     | Noticed an oklob plant
 10836 | D:11     | Noticed a purple ugly thing
 10836 | D:11     | Noticed a brown ugly thing
 10863 | D:10     | Killed a purple ugly thing
 10875 | D:10     | Killed a purple ugly thing
 11032 | D:11     | Noticed Erolcha
 11113 | D:11     | Found a deep blue altar of Sif Muna.
 11116 | D:11     | Killed Erolcha
 11132 | D:11     | Noticed a purple ugly thing
 11143 | D:11     | Killed a purple ugly thing
 11265 | D:11     | Noticed an unseen horror
 11280 | D:11     | Killed an unseen horror
 11387 | D:11     | Noticed a death knight
 11414 | D:11     | Killed a death knight
 11414 | D:11     | Reached XP level 12. HP: 60/91 MP: 11/11
 11902 | D:11     | Received a gift from Okawaru
 11902 | D:11     | Reached skill level 15 in Shields
 12262 | D:11     | Noticed a two-headed ogre
 12275 | D:11     | Killed a two-headed ogre
 12275 | D:11     | Reached skill level 5 in Fighting
 12561 | D:12     | Reached skill level 5 in Armour
 12835 | D:12     | Paralysed by a hornet for 1 turns
 13313 | D:12     | Found a burning altar of Makhleb.
 13884 | D:13     | Found Diameisi's Distillery.
 13898 | D:13     | Bought a potion of resistance for 140 gold pieces
 13898 | D:13     | Bought a potion of flight for 42 gold pieces
 13898 | D:13     | Bought a potion of invisibility for 112 gold pieces
 14007 | D:13     | Noticed a two-headed ogre
 14014 | D:13     | Killed a two-headed ogre
 14174 | D:13     | Reached skill level 10 in Fighting
 14197 | D:13     | Noticed a centaur warrior
 14207 | D:13     | Killed a centaur warrior
 14265 | D:13     | Reached ****** piety under Okawaru
 14612 | D:14     | Received a gift from Okawaru
 14612 | D:14     | Noticed Rupert
 14616 | D:14     | Reached XP level 13. HP: 86/114 MP: 12/12
 14625 | D:14     | Cast into level 3 of the Abyss (Rupert)
 14697 | Abyss:3  | HP: 3/116 [raiju (3)]
 14697 | Abyss:3  | Slain by a raiju

Skill      XL: |  1  2  3  4  5  6  7  8  9 10 11 12 13 |
---------------+----------------------------------------+-----
Axes           | 3 4 6 7 8 10 13 16 | 16.8
Shields        | 9 14 15 | 15.0
Fighting       | 10 11 | 11.1
Armour         | 8 |  8.4
Invocations    | |  0.2
Evocations     | |  0.2

Action                   |  1- 3 |  4- 6 |  7- 9 | 10-12 | 13-15 || total
-------------------------+-------+-------+-------+-------+-------++-------
Melee: War axe           |    65 |    46 |   364 |   792 |    22 ||  1289
       Headbutt          |    11 |     8 |    67 |   214 |    10 ||   310
Throw: Tomahawk          |       |       |       |     4 |       ||     4
Invok: Heroism           |       |       |       |     4 |       ||     4
Evoke: Wand              |       |     1 |     2 |    20 |       ||    23
  Use: Potion            |     5 |       |     5 |     6 |       ||    16
       Scroll            |     1 |       |     8 |    12 |     1 ||    22
 Stab: Paralysed         |       |     4 |     4 |       |       ||     8
       Distracted        |       |       |     1 |       |       ||     1
  Eat: Chunk             |     4 |     1 |    13 |    46 |       ||    64
       Ration            |       |       |     2 |       |       ||     2
Armor: Scale mail        |    23 |    18 |     1 |       |       ||    42
       Chain mail        |       |       |    41 |       |       ||    41
       Plate armour      |       |       |   105 |   226 |     7 ||   338
Dodge: Dodged            |    14 |    18 |    56 |   121 |     7 ||   216
Block: Shield            |    21 |    16 |   130 |   368 |     9 ||   544
